 Dungeon Crawl Stone Soup version 0.31.0-32-g396128a36d (webtiles) character file.

Game seed: 9720908100794369097

57831 booth the Severer (level 14, -5/135 HPs)
             Began as a Minotaur Fighter on Apr 2, 2024.
             Was the Champion of Wu Jian.
             Slain by a skeletal warrior
             ... wielding a +0 trident
              (14 damage)
             ... on level 11 of the Dungeon on Apr 10, 2024.
             The game lasted 01:44:35 (19439 turns).

booth the Severer (Minotaur Fighter)               Turns: 19439, Time: 01:44:35

Health: -5/135     AC: 22    Str: 29    XL:     14   Next: 47%
Magic:  0/13       EV: 10    Int:  5    God:    Wu Jian [******]
Gold:   1414       SH: 14    Dex: 11    Spells: 13/13 levels left

rFire   . . .        h - +2 war axe (drain)
rCold   + + .        S - +2 tower shield {rC+}
rNeg    . . .        U - +0 plate armour {rC+}
rPois   +            x - +2 hat {Stlth+}
rElec   .            N - +2 cloak
rCorr   .            (no gloves)
SInv    .            G - +1 pair of boots
Will    +....        t - amulet of guardian spirit
Stlth   +            E - ring of poison resistance
HPRegen 0.42/turn    u - +6 ring of strength
MPRegen 0.13/turn

%: guardian spirit
@: studying 2 skills
A: horns 2, retaliatory headbutt, talons 1, dopey 1, sturdy frame 1
a: Renounce Religion, Wall Jump, Serpent's Lash, Heavenly Storm


You were on level 11 of the Dungeon.
You worshipped Wu Jian.
Wu Jian was exalted by your worship.
You visited 3 branches of the dungeon, and saw 17 of its levels.
You also visited: Sewer, Ossuary and Ice Cave.

You collected 1414 gold pieces.

Inventory:

Hand Weapons
 h - a +2 war axe of draining (weapon)
 n - a +0 mace
 T - a +3 war axe of venom
Missiles
 g - 4 throwing nets
 k - 66 poisoned darts
 p - a javelin
 z - 4 curare-tipped darts
 I - 6 boomerangs (quivered)
Armour
 c - a +0 buckler
 x - a +2 hat of stealth (worn)
 G - a +1 pair of boots (worn)
 N - a +2 cloak (worn)
 S - a +2 tower shield of cold resistance (worn)
 U - a +0 plate armour of cold resistance (worn)
 Z - a +2 chain mail of cold resistance
Jewellery
 l - a +4 ring of protection
 t - an amulet of guardian spirit (around neck)
 u - a +6 ring of strength (right hand)
 w - a ring of positive energy
 A - a ring of ice
 E - a ring of poison resistance (left hand)
 O - a ring of protection from fire
 V - an amulet of reflection
 W - a ring of resist corrosion
 X - a ring of see invisible
Wands
 a - a wand of iceblast (8)
 v - a wand of digging (5)
 B - a wand of paralysis (33)
 D - a wand of acid (16)
 H - a wand of flame (47)
 M - a wand of mindburst (16)
Scrolls
 j - 6 scrolls of immolation
 m - 5 scrolls of poison
 o - a scroll of vulnerability
 r - 14 scrolls of teleportation
 y - 2 scrolls of blinking
 C - 3 scrolls of fog
 K - 14 scrolls of identify
 Q - 2 scrolls of revelation
 R - a scroll of silence
Potions
 b - a potion of cancellation
 d - a potion of might
 e - 3 potions of attraction
 f - 4 potions of curing
 i - 3 potions of brilliance
 q - 3 potions of heal wounds
 s - 4 potions of enlightenment
 F - 2 potions of ambrosia
 J - 3 potions of haste
 L - a potion of mutation
 P - 2 potions of lignification


   Skills:
 + Level 15.1 Fighting
 - Level 16.0 Axes
 + Level 10.9 Throwing
 - Level 10.2 Armour
 + Level 11.9 Dodging
 + Level 6.0 Stealth
 - Level 3.6 Shields


You had 13 spell levels left.
You didn't know any spells.
Your spell library contained the following spells:

 Spells                   Type           Power      Damage    Failure   Level
 Magic Dart               Conj           0%         1d3       100%        1
 Searing Ray              Conj           0%         2d4       100%        2
 Frozen Ramparts          Ice            0%         1d1       100%        3
 Anguish                  Hex/Necr       0%         N/A       100%        4
 Brom's Barrelling Bould  Conj/Erth      0%         2d3       100%        4
 Cause Fear               Hex            0%         N/A       100%        4
 Fulminant Prism          Conj/Alch      0%         3d5       100%        4
 Leda's Liquefaction      Alch/Erth      0%         N/A       100%        4
 Petrify                  Alch/Erth      0%         N/A       100%        4
 Fireball                 Conj/Fire      0%         3d3       100%        5
 Iskenderun's Battlesphe  Conj           0%         2d6       100%        5
 Metabolic Englaciation   Hex/Ice        0%         N/A       100%        5
 Conjure Ball Lightning   Conj/Air       0%         3x3d6     100%        6
 Enfeeble                 Hex            0%         N/A       100%        7
 Orb of Destruction       Conj           0%         9d5       100%        7


Dungeon Overview and Level Annotations

Branches:
Dungeon (11/15)            Temple (1/1) D:4            Lair (5/5) D:8
  Swamp (0/4) Lair:3        Snake (0/4) Lair:3        Slime (0/5) Lair:5
    Orc (0/2) D:10          Sewer (visited)         Ossuary (visited)
  IceCv (visited)

Altars:
Ashenzari
Cheibriados
Dithmenos
Elyvilon
Fedhas
Gozag
Hepliaklqana
Kikubaaqudgha
Makhleb
Nemelex Xobeh
Okawaru
Qazlal
Ru
Sif Muna
Trog
Uskayaw
Vehumet
Wu Jian
Xom
Yredelemnul
Zin
The Shining One
Jiyva

Shops:
D:10 :

Annotations:
D:8 exclusion: statue


Innate Abilities, Weirdness & Mutations

You have a pair of horns on your head.
You reflexively headbutt those who attack you in melee.
You have sharp toenails.
You are dopey. (Int -2)
Your movements are slightly less encumbered by armour. (ER -2)


Message History

You block the skeletal warrior's attack. x4
You spin and attack the skeletal warrior.
You hit the skeletal warrior but do no damage.
The skeletal warrior is heavily damaged.
You spin and attack the skeletal warrior.
You slash the skeletal warrior!
You destroy the skeletal warrior!
The Council accepts your kill.
You spin and attack the skeletal warrior.
You closely miss the skeletal warrior.
The skeletal warrior is moderately damaged.
You block the skeletal warrior's attack. x3
Your Stealth skill increases to level 6!
You spin and attack the skeletal warrior repeatedly.
You closely miss the skeletal warrior.
The skeletal warrior is heavily damaged.
You closely miss the skeletal warrior.
The skeletal warrior is heavily damaged.
You spin and attack the skeletal warrior.
You hit the skeletal warrior.
The skeletal warrior is moderately damaged.
The skeletal warrior hits you with a +0 glaive!
* * * LOW HITPOINT WARNING * * *
You block the skeletal warrior's attack. x2
You spin and attack the skeletal warrior.
You slash the skeletal warrior!
Your headbutt misses the skeletal warrior.
The skeletal warrior is moderately damaged.
The skeletal warrior hits you but does no damage.
The skeletal warrior hits you with a +0 trident.
* * * LOW HITPOINT WARNING * * *
You slash the skeletal warrior!
You headbutt the skeletal warrior, but do no damage.
The skeletal warrior is heavily damaged.
You hit the skeletal warrior but do no damage.
The skeletal warrior closely misses you.
The skeletal warrior hits you with a +0 battleaxe!
* * * LOW HITPOINT WARNING * * *
The skeletal warrior hits you with a +0 trident!
You die...

.# #..## .# #.# #..# .#
#.# #..# .# ##.########..#
.# #...<........# <#
#..#########.# .#
#########..# #.# ##
#......##..# #.# #
#.####.##z@#########.# .
###.####...)z..†.....#.###
..
.......)...z.......#.#...#
###
.##.######.#.####....#.#.#
#.#.###.#.#.#.#.#
#.#.##.##.#...#.#
#.#>..........#.#
#.####.##.#..##.# #.#
##.#.#.## .#


You could see 3 skeletal warriors.

Vanquished Creatures
  A hydra (Lair:5)
  An ice dragon (IceCv)
  A two-headed ogre (D:9)
  A boulder beetle (Lair:1)
  3 catoblepae
  15 death yaks
  A skyshark (Lair:4)
  3 skeletal warriors
  3 ugly things (D:9)
  An oklob plant (Lair:3)
  2 cyclopes (D:11)
  A manticore (D:11)
  4 elephants
  2 ice statues (IceCv)
  A guardian serpent (shapeshifter) (D:9)
  Maggie (D:6)
  4 black mambas (Lair:3)
  A torpor snail (Lair:5)
  10 cane toads
  An unseen horror (D:11)
  A kobold demonologist (D:10)
  6 rime drakes
  9 komodo dragons
  A tengu conjurer (D:9)
  4 trolls
  3 polar bears
  5 hornets
  Grinder (D:6)
  7 blink frogs
  10 dream sheep
  2 wyverns
  4 centaur simulacra (D:10)
  2 wraiths
  A shadow (D:11)
  11 spriggans (Lair:5)
  49 yaks
  7 basilisks
  3 steam dragons (D:9)
  23 water moccasins
  7 acid dragons
  Duvessa (D:6)
  5 orc warriors
  A sky beast (D:7)
  7 black bears
  3 ice beasts
  2 crocodiles (Sewer)
  An ogre (D:7)
  4 boggarts (Lair:5)
  22 wolves
  3 centaurs
  2 phantoms
  4 kobold brigands
  15 bullfrogs
  4 scorpions
  2 gnoll sergeants
  2 water moccasin zombies (Ossuary)
  7 wights
  Dowan (D:6)
  3 killer bees (D:8)
  3 lindwurm simulacra (IceCv)
  3 electric eels (D:10)
  5 howler monkeys
  2 bombardier beetles
  8 komodo dragon simulacra (IceCv)
  4 centaur zombies (Ossuary)
  6 orc priests
  15 jellies
  2 gnoll boudas
  A hound (D:5)
  A sleepcap (D:6)
  3 iguanas
  Natasha (thrice) (D:3)
  8 orc wizards
  A sickly merfolk siren (Sewer)
  A malarious merfolk avatar (Sewer)
  An ogre zombie (Ossuary)
  7 adders
  9 gnolls
  5 river rats
  3 acid dragon simulacra (IceCv)
  A shadow imp (D:5)
  5 white imps
  A howler monkey simulacrum (D:10)
  2 ufetubi (D:7)
  7 steam dragon simulacra (IceCv)
  5 adder zombies (Ossuary)
  2 dart slugs (D:2)
  A ribbon worm (D:2)
  32 orcs
  10 ball pythons
  20 endoplasms
  5 giant cockroaches
  3 gnoll zombies (Ossuary)
  8 goblins
  7 hobgoblins
  3 jackals (D:3)
  5 quokkas
  2 bats
  4 frilled lizards
  A goblin zombie (Ossuary)
  4 hobgoblin zombies (Ossuary)
  30 kobolds
  4 orc zombies (Ossuary)
  34 rats
589 creatures vanquished.

Notes
Turn   | Place    | Note
-------+----------+-------------------------------------------
     0 | D:1      | booth the Minotaur Fighter began the quest for the Orb.
     0 | D:1      | Reached XP level 1. HP: 19/19 MP: 0/0
    98 | D:1      | Reached skill level 3 in Axes
    98 | D:1      | Reached XP level 2. HP: 17/27 MP: 1/1
   459 | D:1      | Reached XP level 3. HP: 33/33 MP: 2/2
   905 | D:2      | Reached skill level 4 in Axes
  1397 | D:3      | Noticed Natasha
  1414 | D:3      | Killed Natasha
  1415 | D:3      | Reached XP level 4. HP: 18/41 MP: 3/3
  1557 | D:3      | Found a glowing golden altar of the Shining One.
  1592 | D:3      | Noticed Natasha
  1598 | D:3      | Killed Natasha
  1599 | D:3      | Reached skill level 5 in Axes
  1984 | D:3      | Noticed Natasha
  1993 | D:3      | Killed Natasha
  1994 | D:3      | Reached skill level 5 in Fighting
  1994 | D:3      | Reached XP level 5. HP: 45/48 MP: 2/4
  2287 | D:4      | Reached skill level 6 in Axes
  2313 | D:4      | Found a glowing drain.
  2317 | Sewer    | Entered a sewer
  2395 | Sewer    | Noticed a crocodile
  2402 | Sewer    | Reached XP level 6. HP: 47/56 MP: 5/5
  2554 | Sewer    | Reached skill level 7 in Axes
  3014 | D:4      | Found a white marble altar of Elyvilon.
  3243 | D:4      | Reached XP level 7. HP: 63/63 MP: 6/6
  3269 | D:4      | Found a glowing silver altar of Zin.
  3269 | D:4      | Noticed an angel
  3328 | D:4      | Found a staircase to the Ecumenical Temple.
  3358 | D:4      | Reached skill level 8 in Axes
  3364 | Temple   | Entered the Ecumenical Temple
  3439 | Temple   | Became a worshipper of the Wu Jian Council
  3530 | D:4      | Found a basalt altar of Yredelemnul.
  3871 | D:5      | Entered Level 5 of the Dungeon
  3969 | D:5      | Reached skill level 9 in Axes
  4078 | D:5      | Found a sacrificial altar of Ru.
  4115 | D:5      | Reached * piety under Wu Jian
  4130 | D:5      | Found a sparkling altar of Nemelex Xobeh.
  4345 | D:5      | Found a sand-covered staircase.
  4350 | Ossuary  | Entered an ossuary
  4421 | Ossuary  | Reached XP level 8. HP: 73/73 MP: 7/7
  4517 | Ossuary  | Reached skill level 10 in Axes
  4630 | Ossuary  | Noticed a silent spectre
  4681 | D:5      | Gained mutation: You are dopey. (Int -2) [potion of
                  | mutation]
  4681 | D:5      | Gained mutation: You have sharp toenails. [potion of
                  | mutation]
  4681 | D:5      | Gained mutation: Your movements are slightly less
                  | encumbered by armour. (ER -2) [potion of mutation]
  5148 | D:6      | Noticed Maggie
  5152 | D:6      | Noticed Grinder
  5154 | D:6      | Reached ** piety under Wu Jian
  5157 | D:6      | Killed Maggie
  5158 | D:6      | Reached skill level 11 in Axes
  5158 | D:6      | Reached skill level 1 in Throwing
  5158 | D:6      | Reached skill level 1 in Dodging
  5158 | D:6      | Paralysed by Grinder for 4 turns
  5168 | D:6      | Killed Grinder
  5169 | D:6      | Reached XP level 9. HP: 32/82 MP: 2/8
  5342 | D:6      | Found a snail-covered altar of Cheibriados.
  5356 | D:6      | Found a burning altar of Makhleb.
  5616 | D:6      | Noticed Duvessa
  5616 | D:6      | Noticed Dowan
  5622 | D:6      | Killed Dowan
  5627 | D:6      | Killed Duvessa
  6100 | D:7      | Reached skill level 12 in Axes
  6399 | D:7      | Reached *** piety under Wu Jian
  7200 | D:8      | Reached skill level 5 in Armour
  7200 | D:8      | Reached XP level 10. HP: 61/92 MP: 6/9
  7202 | D:8      | Noticed an elephant
  7296 | D:8      | Killed an elephant
  7462 | D:8      | Found a blossoming altar of Fedhas.
  7519 | D:8      | Found a radiant altar of Vehumet.
  7543 | D:8      | Reached skill level 10 in Fighting
  7649 | D:8      | Found a staircase to the Lair.
  7734 | D:8      | Reached skill level 5 in Dodging
  8248 | D:9      | Reached **** piety under Wu Jian
  8263 | D:9      | You fall into a shaft and drop 2 floors!
  8264 | D:11     | Noticed a cyclops
  8268 | D:11     | Killed a cyclops
  8269 | D:11     | Reached skill level 5 in Throwing
  8435 | D:11     | Reached skill level 13 in Axes
  8493 | D:10     | Entered Level 10 of the Dungeon
  8493 | D:10     | Found Atusm's Book Shoppe.
  8774 | D:9      | Noticed a purple ugly thing
  8785 | D:9      | Killed a purple ugly thing
  8786 | D:9      | Reached XP level 11. HP: 99/101 MP: 10/10
  8915 | D:9      | Noticed a skeletal warrior
  8928 | D:9      | Killed a skeletal warrior
  9185 | D:9      | Noticed a two-headed ogre
  9194 | D:9      | Killed a two-headed ogre
  9258 | D:9      | Noticed a green ugly thing
  9263 | D:9      | Noticed a red ugly thing
  9282 | D:9      | Killed a red ugly thing
  9284 | D:9      | Killed a green ugly thing
 10376 | D:10     | Found a shimmering blue altar of Sif Muna.
 10564 | D:10     | Reached ***** piety under Wu Jian
 10570 | D:10     | Reached skill level 14 in Axes
 10593 | D:10     | Found a staircase to the Orcish Mines.
 11256 | Lair:1   | Entered Level 1 of the Lair of Beasts
 11406 | Lair:1   | Noticed a catoblepas
 11420 | Lair:1   | Killed a catoblepas
 11421 | Lair:1   | Reached XP level 12. HP: 109/112 MP: 11/11
 11740 | Lair:1   | Noticed a boulder beetle
 11765 | Lair:1   | Killed a boulder beetle
 13093 | Lair:2   | Reached skill level 10 in Armour
 13347 | Lair:2   | Reached skill level 15 in Axes
 13929 | Lair:3   | Found a staircase to the Swamp.
 13935 | Lair:3   | Reached skill level 1 in Stealth
 14063 | Lair:3   | Reached XP level 13. HP: 98/122 MP: 8/12
 14214 | Lair:3   | Reached ****** piety under Wu Jian
 14215 | Lair:3   | Reached skill level 10 in Dodging
 14341 | Lair:3   | Found a staircase to the Snake Pit.
 16032 | Lair:4   | Reached skill level 16 in Axes
 16035 | Lair:4   | Reached skill level 10 in Throwing
 16480 | Lair:5   | Entered Level 5 of the Lair of Beasts
 16679 | Lair:5   | Reached XP level 14. HP: 133/133 MP: 13/13
 16892 | Lair:5   | Found a frozen archway.
 16945 | IceCv    | Entered an ice cave
 17202 | IceCv    | Reached skill level 5 in Stealth
 17699 | Lair:5   | Found a staircase to the Slime Pits.
 17757 | Lair:5   | Found a viscous altar of Jiyva.
 18817 | Lair:5   | Reached skill level 15 in Fighting
 19439 | D:11     | Slain by a skeletal warrior

Illustrated notes

Levels and vault maps discovered:
D:1:      dpeg_arrival_erosion, layout_loops_ring, minmay_domino_2
D:2:      layout_rooms, st_stairs_5
D:3:      layout_loops_cross, tso_altar, uniq_natasha
D:4:      layout_loops_ring, mainiacjoe_overflow_alcove_4, zin_angel,
          nicolae_elyvilon_temple_path, minmay_temple_entry_junction_2,
          gup_sewer_entry_spiral
D:5:      layout_loops_ring, nemelex_xobeh_ov_fountains_minmay,
          nicolae_ru_great_annihilating_truth, nicolae_ossuary_entry_plus,
          minmay_manual_monstrance
D:6:      layout_basic, mainiacjoe_overflow_small_starburst,
          cheibriados_altar_1, uniq_duvessa, uniq_grinder, uniq_maggie
D:7:      layout_basic, kennysheep_generic_room_4
D:8:      layout_rooms, vehumet_statue, lemuel_doored_altar, david_lair_generic
D:9:      nzn_winding_woodlands_medium [nzn_winding_woodlands_5x5_checkerboard,
          nzn_winding_woodlands_5x15_zeroes,
          nzn_winding_woodlands_5x5_perimeter, nzn_winding_woodlands_5x5_three,
          nzn_winding_woodlands_center_pierced_h,
          nzn_winding_woodlands_5x5_cross, nzn_winding_woodlands_5x5_default,
          nzn_winding_woodlands_5x15_crooked,
          nzn_winding_woodlands_5x5_closed_star], layout_irregular_city
D:10:     layout_roguey, overflow_temple_1_default, david_orc_5, serial_ice,
          serial_ice_b, serial_ice_d, serial_ice_l, serial_ice_c, serial_ice_g,
          serial_ice_e, serial_ice_a, serial_shops, shop, serial_bayou_lake_a
D:11:     layout_loops_ring
Temple:   chequers_temple_sunken
Lair:1:   layout_cave_pods
Lair:2:   layout_roguey, minmay_stone_trees_small, serial_bayou_pond_b,
          beast_lair_carwin_5, infiniplex_staircase_pool
Lair:3:   lemuel_slime, layout_regular_city, swamp_mist,
          minmay_snake_entry_six_corridors, patterned_corridor
Lair:4:   layout_regular_city, dreamdust_gnoll_shepherd, lemuel_fruit_tree
Lair:5:   minmay_lair_end_enchanted_forest, layout_gridlike,
          nicolae_slime_entry_field_trip, portal_ice_cave_entry_pillars_1,
          serial_rivers, chequers_serial_rivers_small_a,
          chequers_serial_rivers_small_3, chequers_serial_rivers_small_3,
          chequers_serial_rivers_large_b, chequers_serial_rivers_micro_e,
          chequers_serial_rivers_micro_e, serial_bayou_pond_a,
          serial_bayou_shore_b

Skill      XL: |  1  2  3  4  5  6  7  8  9 10 11 12 13 14 |
---------------+-------------------------------------------+-----
Axes           | 3 4 5 6 7 9 11 12 13 14 15 16 | 16.0
Fighting       | 4 5 6 7 8 9 10 12 13 14 15 | 15.1
Throwing       | 2 4 5 7 8 10 | 10.9
Dodging        | 2 4 6 8 9 11 | 11.9
Armour         | 5 7 8 10 | 10.2
Stealth        | 1 4 6 |  6.0
Shields        | |  3.6

Action                     |  1- 3 |  4- 6 |  7- 9 | 10-12 | 13-15 || total
---------------------------+-------+-------+-------+-------+-------++-------
  Melee: War axe           |   103 |   144 |   263 |   631 |   684 ||  1825
         Headbutt          |    15 |    12 |    48 |   111 |   158 ||   344
         Kick              |       |       |    14 |       |       ||    14
         Mace              |       |       |       |       |    29 ||    29
  Throw: Dart              |     2 |     5 |     8 |       |       ||    15
         Boomerang         |       |       |       |    22 |    57 ||    79
         Javelin           |       |       |       |       |     2 ||     2
 Invoke: Heavenly Storm    |       |       |       |       |     1 ||     1
Ability: Lunge             |       |       |    53 |    62 |    51 ||   166
         Whirlwind         |       |       |    70 |   223 |   313 ||   606
         Wall Jump         |       |       |       |     1 |     2 ||     3
    Use: Scroll            |     6 |     1 |     9 |     7 |     3 ||    26
         Potion            |     5 |     2 |     4 |       |     1 ||    12
   Stab: Paralysed         |       |       |     2 |       |       ||     2
         Petrified         |       |       |       |     3 |       ||     3
 Armour: Scale mail        |    72 |    67 |    78 |       |       ||   217
         Chain mail        |       |       |    59 |   419 |   193 ||   671
         Plate armour      |       |       |       |       |   148 ||   148
  Dodge: Dodged            |    36 |    38 |    86 |   228 |   183 ||   571
  Block: Buckler           |    22 |    26 |    41 |    86 |    42 ||   217
         Tower shield      |       |       |       |       |   144 ||   144
